 Dungeon Crawl Stone Soup version 0.27-a0-1196-g3e9cee4cb2 (webtiles) character file.

Game seed: 11740410247986209119

51 robertstho the Magician (level 4, -3/31 HPs)
             Began as a Djinni Fire Elementalist on May 27, 2021.
             Slain by a gnoll
             ... wielding a +0 whip
              (8 damage)
             ... on level 3 of the Dungeon.
             The game lasted 00:01:58 (2339 turns).

robertstho the Magician (Djinni Fire Elementalist)  Turns: 2339, Time: 00:01:59

Health: -3/31      AC:  2    Str:  6 (7)  XL:     4   Next: 5%
Gold:   92         EV: 12    Int: 15 (18) God:
                   SH:  0    Dex: 10 (13)

rFire    + + .     SeeInvis .   (no weapon)
rCold    x . .     Faith    .   (no shield)
rNeg     . . .     Spirit   .   a - +0 robe
rPois    ∞         Reflect  .   (no helmet)
rElec    .         Harm     .   (no cloak)
rCorr    .         Rampage  .   (no gloves)
Will     .....                  (boots unavailable)
Stlth    +.........             (no amulet)
HPRegen  0.10/turn              (no ring)
MPRegen  0.00/turn              (no ring)

@: silenced, flying
A: sickness immunity, fire resistance 2, cold vulnerability 1, float, innate
caster, hp casting, extra vitality 1
a: no special abilities


You were on level 3 of the Dungeon.
You visited 1 branch of the dungeon, and saw 3 of its levels.

You collected 92 gold pieces.

Inventory:

Armour
 a - a +0 robe (worn)
Scrolls
 b - a scroll of summoning {unknown}
 d - a scroll of magic mapping {unknown}
 f - a scroll of acquirement {unknown}
 h - a scroll of immolation {unknown}
Potions
 e - a potion of heal wounds


   Skills:
 + Level 2.4 Dodging
 + Level 2.0 Stealth
 + Level 3.3 Spellcasting


You couldn't memorise any spells.
You knew the following spells:

 Your Spells              Type           Power      Damage    Failure   Level
a - Foxfire               Conj/Fire      48%        2x1d6     4%          1
b - Conjure Flame         Conj/Fire      12%        6-21      14%         3
c - Inner Flame           Hex/Fire       12%        N/A       14%         3
d - Sticky Flame          Conj/Fire      12%        2d4       43%         4
e - Fireball              Conj/Fire      6%         3d5       80%         5
f - Shock                 Conj/Air       48%        1d6       4%          1
Your spell library was empty.

Dungeon Overview and Level Annotations

Branches:
Dungeon (3/15)

Altars:


Innate Abilities, Weirdness & Mutations

You are immune to sickness and miasma.
You are immune to poison.
Your flesh is very heat resistant. (rF++)
You are vulnerable to cold. (rC-)
You float through the air rather than walking.
You learn spells naturally, not from books.
Your magical power is your life essence.
You have superior vitality. (+4 HP)


Message History

As you read the scroll labelled SOITRE FOFFUHE, it crumbles to dust.
A profound silence engulfs you.
It was a scroll of silence.
The giant cockroach barely misses you.
It was a potion of ambrosia.
You are confused.
You feel invigorated. The giant cockroach closely misses you.
The gnoll hits you with a +0 whip.
It was a potion of heal wounds.
You feel much better. The giant cockroach closely misses you.
The gnoll closely misses you. The giant cockroach barely misses you.
It was a potion of degeneration.
There was something very wrong with that liquid.
You feel weakened.
You feel dopey.
You feel clumsy. The gnoll barely misses you.
The gnoll hits you from afar with a +0 spear!
The giant cockroach misses you.
You closely miss the giant cockroach. The gnoll hits you with a +0 whip.
The giant cockroach bites you but does no damage.
The gnoll closely misses you.
You hit the giant cockroach but do no damage.
The gnoll completely misses you. The giant cockroach barely misses you.
The gnoll barely misses you. The gnoll closely misses you.
You're too confused to move!
The giant cockroach completely misses you.
The gnoll hits you from afar with a +0 spear!
The gnoll closely misses you. The gnoll barely misses you.
The gnoll closely misses you.
A hobgoblin comes into view.
You hit the gnoll but do no damage.
You feel less invigorated.
You feel less confused. The giant cockroach bites you.
The gnoll hits you from afar with a +0 spear.
The gnoll hits you with a +0 whip. The gnoll barely misses you.
The gnoll misses you. The giant cockroach barely misses you.
You hit the giant cockroach but do no damage.
The gnoll barely misses you. The gnoll hits you with a +0 whip.
The gnoll hits you from afar with a +0 spear.
* * * LOW HITPOINT WARNING * * *
The gnoll hits you with a +0 whip!
You die...

# #............
......##....>....#
#.##.# #........g.
## #.#..<....#
#.#.......#
..######.#.......#
#.....†......g..##
#.######)###.ggg#
#)######@#
.######.>....B.#
...[....########
#######.######
#......# #.####.#
##.## #.# #...#
#<# #.).# #.#


You could see 4 gnolls, a giant cockroach and a hobgoblin.

Vanquished Creatures
  2 adders (D:2)
  An ufetubus (D:3)
  An orc (D:3)
  A ball python (D:1)
  2 bats (D:1)
  6 endoplasms
  2 goblins (D:3)
  2 hobgoblins
  A quokka (D:1)
  A frilled lizard (D:1)
  A kobold (D:1)
  5 rats
25 creatures vanquished.

Vanquished Creatures (others)
  100 foxfires
100 creatures vanquished.

Grand Total: 125 creatures vanquished

Notes
Turn   | Place    | Note
-------+----------+-------------------------------------------
     0 | D:1      | robertstho the Djinni Fire Elementalist began the quest for
                  | the Orb.
     0 | D:1      | Reached XP level 1. HP: 15/15 MP: 0/0
   469 | D:1      | Reached XP level 2. HP: 20/21 MP: 0/0
   904 | D:2      | Reached skill level 3 in Spellcasting
   981 | D:2      | Reached XP level 3. HP: 25/25 MP: 0/0
   981 | D:2      | Learned a level 1 spell: Shock
  2223 | D:3      | Reached XP level 4. HP: 27/31 MP: 0/0
  2339 | D:3      | Slain by a gnoll

Illustrated notes

Levels and vault maps discovered:
D:1:      nicolae_arrival_washed_ashore, layout_basic
D:2:      layout_loops_ring
D:3:      layout_loops_ring, overflow_temple_1_default

Skill      XL: |  1  2  3 |
---------------+----------+-----
Spellcasting   | 3 |  3.3
Stealth        | 2 |  2.0
Dodging        | |  2.4

Action                   |  1- 3 |  4- 6 || total
-------------------------+-------+-------++-------
Melee: Unarmed           |       |     4 ||     4
 Cast: Foxfire           |    61 |     6 ||    67
  Use: Potion            |       |     3 ||     3
       Scroll            |       |     1 ||     1
Armor: Robe              |     2 |     1 ||     3
Dodge: Dodged            |    15 |    28 ||    43

Table legend: (Time is in decaauts)
 A = Elapsed time spent in this place.
 B = Non-inter-level travel time spent in this place.
 C = Inter-level travel time spent in this place.
 D = Time resting spent in this place.
 E = Time spent auto-exploring this place.
 F = Levels seen in this place.
 G = Mean time per level.
                   A        B        C        D        E       F      G
               +--------+--------+--------+--------+--------+-----+--------+
         Total |   2338 |   2299 |     39 |      0 |   2092 |   3 |  779.3 |
       Dungeon |   2338 |   2299 |     39 |      0 |   2092 |   3 |  779.3 |
               +--------+--------+--------+--------+--------+-----+--------+

Top non-repeatable levels by time:
     D:2: 1022 daAuts
     D:1: 897 daAuts
     D:3: 418 daAuts
